 Dungeon Crawl Stone Soup version 0.30-a0-777-ga9a30cbeda (webtiles) character file.

Game seed: 16266718886473496540

52808 mopl the Covert (level 14, -4/65 HPs)
             Began as a Vine Stalker Brigand on Feb 13, 2023.
             Was a High Priest of Kikubaaqudgha.
             Slain by a demonic crawler (11 damage)
             ... on level 5 of the Lair of Beasts.
             The game lasted 00:33:03 (15006 turns).

mopl the Covert (Vine Stalker Brigand)             Turns: 15006, Time: 00:33:04

Health: -4/65      AC:  9    Str: 15    XL:     14   Next: 65%
Magic:  0/27       EV: 17    Int: 11    God:    Kikubaaqudgha [*****.]
Gold:   911        SH:  8    Dex: 20    Spells: 15/17 levels left

rFire   . . .      SeeInvis .    a - +2 dagger (speed)
rCold   . . .      Faith    .    E - +2 buckler
rNeg    . . .      Spirit   +    y - +0 steam dragon scales
rPois   .          Reflect  .    s - +0 helmet
rElec   .          Harm     .    B - +1 cloak {rCorr}
rCorr   +          Rampage  .    o - +0 pair of gloves
Will    +....                    (no boots)
Stlth   ++++++                   X - amulet of regeneration
HPRegen 1.90/turn                Z - ring of magical power
MPRegen 0.20/turn                u - +5 ring of evasion

@: about to teleport
A: fangs 3, regeneration 1, magic shield, antimagic bite, no potion heal 2
a: Renounce Religion, Unearth Wretches, Torment


You were on level 5 of the Lair of Beasts.
You worshipped Kikubaaqudgha.
Kikubaaqudgha was extremely pleased with you.
You visited 3 branches of the dungeon, and saw 17 of its levels.
You also visited: Sewer and Bailey.

You collected 911 gold pieces.

Inventory:

Hand Weapons
 a - a +2 dagger of speed (weapon)
 b - a +1 short sword of venom
 V - a +3 scimitar of flaming
Missiles
 d - 42 poisoned darts (quivered)
 e - 4 curare-tipped darts
 l - a throwing net
 A - 6 atropa-tipped darts
 M - 7 boomerangs
 Y - 4 javelins
Armour
 o - a +0 pair of gloves (worn)
 p - a +2 leather armour of cold resistance
 s - a +0 helmet (worn)
 y - +0 steam dragon scales (worn)
 B - a +1 cloak of preservation (worn)
 E - a +2 buckler (worn)
Jewellery
 u - a +5 ring of evasion (right hand)
 x - a ring of fire
 Q - a ring of willpower
 X - an amulet of regeneration (around neck)
 Z - a ring of magical power (left hand)
Wands
 m - a wand of flame (9)
 C - a wand of iceblast (19)
 P - a wand of light (5)
 R - a wand of charming (9)
Scrolls
 c - 2 scrolls of silence {unknown}
 g - a scroll of brand weapon {unknown}
 j - 3 scrolls of immolation {unknown}
 k - 3 scrolls of amnesia {unknown}
 r - 2 scrolls of blinking {unknown}
 t - 7 scrolls of teleportation
 v - 6 scrolls of vulnerability {unknown}
 w - 4 scrolls of magic mapping {unknown}
 D - 2 scrolls of butterflies {unknown}
 F - a scroll of acquirement {unknown}
 G - 7 scrolls of poison
 I - 4 scrolls of fog {unknown}
 J - 3 scrolls of noise {unknown}
 N - a scroll of torment {unknown}
 W - 2 scrolls of fear {unknown}
Potions
 f - 10 potions of heal wounds {unknown}
 h - 4 potions of might {unknown}
 i - 9 potions of curing
 n - 3 potions of flight
 q - 4 potions of haste
 K - 2 potions of resistance
 L - 3 potions of magic
 O - 3 potions of cancellation {unknown}
 S - a potion of invisibility
 T - a potion of lignification {unknown}
Miscellaneous
 H - a tin of tremorstones (2/2)


   Skills:
 + Level 3.0 Fighting
 + Level 10.1 Short Blades
 + Level 10.1 Throwing
 + Level 2.3 Dodging
 + Level 14.6 Stealth
 - Level 4.0 Shields
 - Level 2.0 Spellcasting
 + Level 10.0 Necromancy
 - Level 5.0 Translocations
 + Level 8.7 Evocations


You had 15 spell levels left.
You knew the following spells:

 Your Spells              Type           Power      Damage    Failure   Level
e - Blink                 Tloc           24%        N/A       7%          2

Your spell library contained the following spells:

 Spells                   Type           Power      Damage    Failure   Level
 Necrotise                Necr           92%        1d8       1%          1
 Sublimation of Blood     Necr           23%        N/A       1%          2
 Animate Dead             Necr           23%        N/A       6%          4
 Dispel Undead            Necr           23%        3d12      6%          4
 Lesser Beckoning         Tloc           24%        N/A       7%          2
 Cigotuvi's Dreadful Rot  Necr/Pois/Air  16%        N/A       14%         2
 Agony                    Necr           23%        N/A       17%         5
 Momentum Strike          Conj/Tloc      12%        3d8       21%         2
 Shock                    Conj/Air       4%         1d3       36%         1
 Kindle Blastsparks       Fire/Tloc/Air  8%         2d10      50%         3
 Ignite Poison            Fire/Tmut/Pois 1%         N/A       73%         3
 Ozocubu's Armour         Ice            1%         N/A       73%         3
 Stone Arrow              Conj/Erth      2%         3d7       73%         3
 Borgnjor's Vile Clutch   Necr/Erth      6%         N/A       78%         5
 Airstrike                Air            0%         2d(1-17)  98%         4
 Animate Armour           Summ/Erth      2%         N/A       98%         4
 Summon Ice Beast         Ice/Summ       1%         N/A       98%         4
 Summon Lightning Spire   Summ/Air       1%         N/A       98%         4
 Freezing Cloud           Conj/Ice/Air   0%         6-21      100%        5
 Lightning Bolt           Conj/Air       0%         1d11      100%        5
 Summon Mana Viper        Hex/Summ       1%         N/A       100%        5
 Simulacrum               Ice/Necr       6%         N/A       100%        6
 Monstrous Menagerie      Summ           0%         N/A       100%        7
 Ozocubu's Refrigeration  Ice            0%         4d7       100%        7
 Storm Form               Tmut/Air       0%         N/A       100%        7
 Discord                  Hex            0%         N/A       100%        8
 Lehudib's Crystal Spear  Conj/Erth      0%         10d2      100%        8
 Maxwell's Capacitive Co  Air            0%         ∞         100%        8


Dungeon Overview and Level Annotations

Branches:
Dungeon (11/15)            Temple (1/1) D:5            Lair (5/5) D:8
  Swamp (0/4) Lair:2        Snake (0/4) Lair:3        Slime (0/5) Lair:5
  Sewer (visited)          Bailey (visited)
    Orc: D:9-12

Altars:
Ashenzari
Cheibriados
Dithmenos
Elyvilon
Fedhas
Gozag
Hepliaklqana
Kikubaaqudgha
Makhleb
Nemelex Xobeh
Okawaru
Qazlal
Ru
Sif Muna
Trog
Uskayaw
Vehumet
Wu Jian
Xom
Yredelemnul
Zin
The Shining One

Annotations:
D:8 dig
D:9 fly


Innate Abilities, Weirdness & Mutations

You have razor-sharp teeth.
Your natural rate of healing is unusually fast.
When hurt, damage is shared between your health and your magic reserves.
Your bite disrupts and absorbs the magic of your enemies.
Potions cannot restore your health.


Message History

No target in view!
No target in view!
No target in view!
No target in view!
No target in view!
No target in view!
No target in view!
No target in view!
No target in view!
No target in view!
You see here a water moccasin corpse.
A death yak comes into view.
An eight-headed hydra comes into view.
A rime drake, a cane toad and a death yak come into view.
The eight-headed hydra roars!
The rime drake hisses angrily.
The cane toad croaks.
The death yak bellows!
The cane toad moves out of view.
The demonic crawler gives a hideous shriek!
The demonic crawler misses you.
The demonic crawler hits you but does no damage.
The demonic crawler completely misses you.
You block the demonic crawler's attack. The demonic crawler hits you!
The demonic crawler misses you.
The demonic crawler hits you! x2; The demonic crawler hits you.
The demonic crawler attacks as you move away!
You block the demonic crawler's attack. The demonic crawler hits you! x2
You block the demonic crawler's attack. The demonic crawler hits you! x2
* * * LOW HITPOINT WARNING * * *
As you read the scroll of teleportation, it crumbles to dust.
You feel strangely unstable. The demonic crawler hits you!
* * * LOW HITPOINT WARNING * * *
The demonic crawler completely misses you.
The demonic crawler hits you but does no damage.
The death yak attacks as you move away! The death yak misses you.
The demonic crawler hits you but does no damage.
The demonic crawler hits you!
* * * LOW HITPOINT WARNING * * *
The demonic crawler hits you!
You die...
Kikubaaqudgha rasps: "You have failed me!
Welcome... death!"

...................P...........#
.................P~~~........P##
..................~~~P........#
..................~~~........##
................D.PPP........##
............................†.#
................Y.......#..####
..P.............sY....P#####
P...PP..........@.....P#
~~~~~P................##
~~~~~..................##
~~~~~P..................#
~~~~~.................P##
PPPPPP..................#
..............<........##
.................##..P##
................##.....##


You could see 2 death yaks, an eight-headed hydra and a demonic crawler.

Vanquished Creatures
  Snorg (Lair:3)
  2 hydras
  Erica (D:10)
  A catoblepas (Lair:5)
  3 boulder beetles
  4 two-headed ogres
  A skyshark (Lair:4)
  3 orc knights (Bailey)
  A lindwurm (Lair:5)
  A moth of wrath (Lair:5)
  A manticore (D:11)
  A black mamba (Lair:3)
  Joseph (D:10)
  7 elephants
  A torpor snail (Lair:2)
  10 cane toads
  Maggie (D:7)
  7 komodo dragons
  4 rime drakes
  A troll (D:10)
  A tyrant leech (Lair:5)
  A hornet (D:8)
  4 dream sheep (Lair:2)
  10 blink frogs
  4 wyverns
  2 vampires
  A wraith (D:9)
  26 yaks
  3 basilisks
  2 fire elementals
  A shadow (D:9)
  4 steam dragons
  Grum (D:9)
  2 vampire mosquitoes (D:10)
  3 nagas (Lair:3)
  An acid dragon (D:9)
  Duvessa (D:7)
  A swamp worm (Lair:5)
  6 water moccasins
  An ice beast (D:8)
  5 orc warriors
  3 black bears
  14 wolves
  An ogre (D:6)
  2 centaurs
  3 kobold brigands
  9 bullfrogs
  A gnoll sergeant (D:4)
  A scorpion (D:5)
  Dowan (D:7)
  10 wights
  3 electric eels
  A lava snake (Lair:5)
  5 orc priests
  7 hounds
  4 jellies
  2 gnoll boudas
  3 iguanas
  Ijyb (D:4)
  An orc wizard (D:10)
  7 gnolls
  8 river rats
  12 adders
  A shadow imp (D:6)
  A white imp (D:4)
  2 worms
  44 orcs
  5 bats
  5 endoplasms
  7 giant cockroaches
  11 goblins
  14 hobgoblins
  7 jackals
  5 quokkas
  18 ball pythons
  A frilled lizard (Sewer)
  29 kobolds
  27 rats
408 creatures vanquished.

Vanquished Creatures (others)
  A troll (D:9)
  A naga (Lair:3)
  A swamp worm (Lair:5)
  A fungus (Lair:3)
  37 plants
41 creatures vanquished.

Grand Total: 449 creatures vanquished

Notes
Turn   | Place    | Note
-------+----------+-------------------------------------------
     0 | D:1      | mopl the Vine Stalker Brigand began the quest for the Orb.
     0 | D:1      | Reached XP level 1. HP: 11/11 MP: 2/2
    44 | D:1      | Reached skill level 5 in Stealth
    47 | D:1      | Reached skill level 2 in Short Blades
    47 | D:1      | Reached skill level 2 in Throwing
    47 | D:1      | Reached XP level 2. HP: 8/15 MP: 3/3
   268 | D:1      | Reached XP level 3. HP: 3/18 MP: 1/4
   271 | D:1      | Learned a level 2 spell: Blink
   438 | D:1      | Found a faded altar of an unknown god.
   655 | D:2      | Identified the +0 scale mail of Veytunti {rCorr}
   820 | D:2      | Gained mutation: Your natural rate of healing is unusually
                  | fast. [Vine Stalker growth]
   820 | D:2      | Reached XP level 4. HP: 21/23 MP: 5/5
  1342 | D:3      | Reached skill level 3 in Short Blades
  1342 | D:3      | Reached skill level 6 in Stealth
  1342 | D:3      | Reached XP level 5. HP: 26/26 MP: 6/6
  1468 | D:3      | Reached skill level 3 in Throwing
  1580 | D:4      | Noticed Ijyb
  1652 | D:4      | Killed Ijyb
  1657 | D:4      | Found a broken altar of Ashenzari.
  2020 | D:4      | Reached XP level 6. HP: 30/30 MP: 7/7
  2228 | D:5      | Entered Level 5 of the Dungeon
  2276 | D:5      | Reached skill level 7 in Stealth
  2329 | D:5      | Reached skill level 1 in Shields
  2329 | D:5      | Reached XP level 7. HP: 34/34 MP: 6/8
  2332 | D:5      | Reached skill level 4 in Short Blades
  2355 | D:5      | Found a glowing golden altar of the Shining One.
  2371 | D:5      | Reached skill level 4 in Throwing
  2895 | D:5      | Found a staircase to the Ecumenical Temple.
  2908 | D:5      | Reached skill level 2 in Shields
  2915 | Temple   | Entered the Ecumenical Temple
  3053 | Temple   | Became a worshipper of Kikubaaqudgha
  3337 | D:6      | Reached skill level 1 in Necromancy
  3337 | D:6      | Gained mutation: You have razor-sharp teeth. [Vine Stalker
                  | growth]
  3337 | D:6      | Reached XP level 8. HP: 38/38 MP: 9/9
  3345 | D:6      | Reached skill level 1 in Translocations
  3440 | D:6      | Found a glowing drain.
  3445 | Sewer    | Entered a sewer
  3605 | Sewer    | Reached * piety under Kikubaaqudgha
  3605 | Sewer    | Received a gift from Kikubaaqudgha
  3612 | Sewer    | Reached skill level 8 in Stealth
  3754 | Sewer    | Reached ** piety under Kikubaaqudgha
  3759 | Sewer    | Reached skill level 2 in Translocations
  3782 | Sewer    | Reached skill level 2 in Necromancy
  4038 | D:6      | Reached skill level 3 in Shields
  4205 | D:6      | Noticed a vampire
  4224 | D:6      | Killed a vampire
  4225 | D:6      | Reached skill level 5 in Short Blades
  4225 | D:6      | Reached skill level 5 in Throwing
  4442 | D:7      | Reached XP level 9. HP: 38/42 MP: 10/10
  4466 | D:7      | Reached skill level 3 in Necromancy
  4470 | D:7      | Reached skill level 3 in Translocations
  4470 | D:7      | Reached skill level 1 in Evocations
  4609 | D:7      | Noticed Duvessa
  4610 | D:7      | Noticed Dowan
  4613 | D:7      | Killed Duvessa
  4624 | D:7      | Killed Dowan
  4647 | D:7      | Noticed Maggie
  4674 | D:7      | Killed Maggie
  4675 | D:7      | Reached skill level 9 in Stealth
  4716 | D:7      | Found an opulent altar of Gozag.
  4797 | D:7      | Reached skill level 2 in Evocations
  4799 | D:7      | Reached skill level 4 in Shields
  4874 | D:6      | Reached *** piety under Kikubaaqudgha
  4874 | D:6      | Received a gift from Kikubaaqudgha
  5242 | D:8      | Found a white marble altar of Elyvilon.
  5399 | D:8      | Reached skill level 4 in Necromancy
  5567 | D:8      | Found a glowing silver altar of Zin.
  5809 | D:8      | Found a staircase to the Lair.
  5966 | D:8      | Noticed a hornet
  5973 | D:8      | Killed a hornet
  5974 | D:8      | Reached skill level 6 in Short Blades
  5974 | D:8      | Reached skill level 6 in Throwing
  5983 | D:8      | Reached skill level 3 in Evocations
  6213 | Lair:1   | Entered Level 1 of the Lair of Beasts
  6234 | Lair:1   | Noticed a komodo dragon
  6241 | Lair:1   | Killed a komodo dragon
  6242 | Lair:1   | Reached XP level 10. HP: 46/46 MP: 11/11
  6437 | Lair:1   | Reached skill level 10 in Stealth
  6467 | Lair:1   | Reached skill level 5 in Necromancy
  6853 | Lair:1   | Reached skill level 4 in Evocations
  6966 | D:9      | Found a flagged portal.
  7062 | Bailey   | Entered a bailey
  7284 | Bailey   | Noticed an orc knight
  7292 | Bailey   | Noticed an orc knight
  7322 | Bailey   | Killed an orc knight
  7357 | Bailey   | Noticed an orc knight
  7375 | Bailey   | Killed an orc knight
  7376 | Bailey   | Reached skill level 7 in Short Blades
  7377 | Bailey   | Reached skill level 7 in Throwing
  7379 | Bailey   | Killed an orc knight
  7380 | Bailey   | Reached skill level 11 in Stealth
  7380 | Bailey   | Reached skill level 6 in Necromancy
  7380 | Bailey   | Reached XP level 11. HP: 36/50 MP: 9/12
  7596 | D:9      | Reached skill level 5 in Evocations
  7745 | D:9      | Reached **** piety under Kikubaaqudgha
  7891 | D:9      | Noticed Grum
  7899 | D:9      | Killed Grum
  7926 | D:9      | Noticed a two-headed ogre
  7966 | D:9      | Killed a two-headed ogre
  8375 | D:10     | Entered Level 10 of the Dungeon
  8379 | D:10     | Noticed Joseph
  8407 | D:10     | Killed Joseph
  8606 | D:10     | Reached skill level 7 in Necromancy
  8749 | D:10     | Noticed Erica
  8756 | D:10     | Killed Erica
  8757 | D:10     | Reached skill level 8 in Short Blades
  8808 | D:10     | Noticed a two-headed ogre
  8815 | D:10     | Reached skill level 8 in Throwing
  8815 | D:10     | Reached skill level 12 in Stealth
  8941 | D:10     | Reached skill level 6 in Evocations
  9076 | D:10     | Killed a two-headed ogre
  9077 | D:10     | Reached XP level 12. HP: 35/54 MP: 8/13
  9116 | D:10     | Noticed a two-headed ogre
  9129 | D:10     | Killed a two-headed ogre
  9737 | D:11     | Got Yrripori's Monograph on Aeromancy and the Oath
  9960 | D:11     | Noticed a two-headed ogre
  9963 | D:11     | Killed a two-headed ogre
 10638 | Lair:1   | Reached skill level 8 in Necromancy
 10676 | Lair:1   | Reached skill level 1 in Spellcasting
 10927 | Lair:2   | Reached skill level 7 in Evocations
 10935 | Lair:2   | Reached ***** piety under Kikubaaqudgha
 11000 | Lair:2   | Reached skill level 13 in Stealth
 11001 | Lair:2   | HP: 1/54 [poisoned by a cane toad]
 11005 | Lair:2   | Reached skill level 2 in Spellcasting
 11074 | Lair:2   | Found a staircase to the Swamp.
 11211 | Lair:2   | Reached skill level 4 in Translocations
 11351 | Lair:2   | Reached skill level 9 in Short Blades
 11562 | Lair:3   | Reached skill level 9 in Throwing
 11594 | Lair:3   | Found a staircase to the Snake Pit.
 11596 | Lair:3   | Noticed Snorg
 11648 | Lair:3   | Killed Snorg
 11700 | Lair:3   | Reached XP level 13. HP: 46/58 MP: 17/17
 12423 | Lair:3   | Reached skill level 9 in Necromancy
 12451 | Lair:3   | Reached skill level 5 in Translocations
 12747 | Lair:4   | Reached skill level 14 in Stealth
 12747 | Lair:4   | Reached skill level 8 in Evocations
 12747 | Lair:4   | Reached XP level 14. HP: 62/62 MP: 18/18
 12841 | Lair:4   | Reached skill level 1 in Dodging
 12963 | Lair:4   | Reached skill level 2 in Fighting
 13666 | Lair:5   | Entered Level 5 of the Lair of Beasts
 13892 | Lair:5   | Reached skill level 10 in Throwing
 13924 | Lair:5   | Reached skill level 10 in Short Blades
 13934 | Lair:5   | Found a staircase to the Slime Pits.
 13992 | Lair:5   | Identified the +0 mace "Ostos" {vamp, *Noise rC+++ Str+4
                  | Dex-4}
 14013 | Lair:5   | Reached skill level 2 in Dodging
 14520 | Lair:5   | Identified the +6 whip of Imminent Death {flame, Will+
                  | Dex+2}
 14649 | Lair:5   | HP: 3/63 [demonic crawler (10)]
 14919 | Lair:5   | Reached skill level 3 in Fighting
 14953 | Lair:5   | Reached skill level 10 in Necromancy
 15006 | Lair:5   | Slain by a demonic crawler

Illustrated notes

Levels and vault maps discovered:
D:1:      tarquinn_simple_flora_water_b, layout_rooms,
          dreamdust_ecumenical_altar_grove
D:2:      layout_rooms
D:3:      layout_rooms, serial_glass, glass_columns_b, glass_columns_b
D:4:      minmay_chambers_of_fours, layout_cave_pools,
          cheibrodos_ashenzari_chains, minmay_cupped, uniq_ijyb
D:5:      layout_layer_cave, nicolae_tso_carved_into_rock,
          minmay_temple_entry_butterflies
D:6:      layout_gridville, portal_sewer_entry_e, kennysheep_generic_room_8
D:7:      layout_loops_cross, nicolae_gozag_seed_capital, uniq_duvessa,
          uniq_maggie
D:8:      layout_basic, mainiacjoe_overflow_cross_hatched, zin_treasury,
          lair_entry_dummy, kennysheep_generic_room_2
D:9:      cheibrodos_steamvent, layout_loops_cross, enter_bailey_5,
          minmay_misc_feat_square, evilmike_minifort, uniq_grum
D:10:     layout_basic, nicolae_figureground_pulse, uniq_joseph, uniq_erica
D:11:     layout_long_grid, serial_co_window_serial, co_window_paths_a,
          co_window_corner_a, co_window_paths_a, co_window_paths_b,
          co_window_of_opportunity_a, co_window_corner_a, co_window_broadway_b,
          co_window_cross_3, co_window_broadway_c, co_window_broadway_b,
          glass_columns_c
Temple:   minmay_crystal_spiral_temple
Lair:1:   layout_regular_city
Lair:2:   layout_hall_layers, swamp_mist, st_stairs_13
Lair:3:   layout_gridlike, minmay_snake_entry_guardpost_small, uniq_snorg
Lair:4:   layout_roguey
Lair:5:   hangedman_lair_in_review, layout_gridlike, slime_entry_1,
          worms_lemuel, infiniplex_staircase_pool_2

Skill      XL: |  1  2  3  4  5  6  7  8  9 10 11 12 13 14 |
---------------+-------------------------------------------+-----
Stealth        | 5 6 7 8 9 11 12 13 14 | 14.6
Short Blades   | 2 3 4 5 6 7 8 9 10 | 10.1
Throwing       | 2 3 4 5 6 7 8 9 10 | 10.1
Shields        | 1 2 3 4 |  4.0
Necromancy     | 1 2 4 6 7 8 9 10 | 10.0
Translocations | 2 3 4 5 |  5.0
Evocations     | 3 4 6 7 8 |  8.7
Spellcasting   | 2 |  2.0
Dodging        | 2 |  2.3
Fighting       | 3 |  3.0

Action                     |  1- 3 |  4- 6 |  7- 9 | 10-12 | 13-15 || total
---------------------------+-------+-------+-------+-------+-------++-------
  Melee: Dagger            |    89 |   166 |   471 |   859 |   587 ||  2172
         Bite              |    22 |    40 |   129 |   399 |   247 ||   837
         Short sword       |       |       |       |    10 |     7 ||    17
         Scimitar          |       |       |       |       |    14 ||    14
  Throw: Dart              |       |       |     1 |    46 |    39 ||    86
  Evoke: Wand              |       |       |     3 |    10 |     3 ||    16
    Use: Scroll            |       |       |     1 |     7 |     8 ||    16
         Potion            |       |       |       |     2 |     1 ||     3
   Stab: Sleeping          |     7 |    17 |    21 |    26 |    10 ||    81
         Invisible         |       |       |     1 |     3 |       ||     4
         Distracted        |       |       |     1 |     1 |     1 ||     3
 Armour: Robe              |    27 |    32 |    47 |    10 |       ||   116
         Steam dragon scal |       |       |       |    84 |    68 ||   152
  Dodge: Dodged            |    47 |   111 |   205 |   330 |   208 ||   901
  Block: Other             |       |    14 |       |       |       ||    14
         Buckler           |       |     8 |   261 |   187 |   134 ||   590
         Reflection        |       |       |     1 |       |       ||     1

Table legend: (Time is in decaauts)
 A = Elapsed time spent in this place.
 B = Non-inter-level travel time spent in this place.
 C = Inter-level travel time spent in this place.
 D = Time resting spent in this place.
 E = Time spent auto-exploring this place.
 F = Levels seen in this place.
 G = Mean time per level.
                   A        B        C        D        E       F      G
               +--------+--------+--------+--------+--------+-----+--------+
         Total |  14127 |  13383 |    744 |    395 |   9016 |  19 |  743.5 |
       Dungeon |   8389 |   7923 |    466 |    103 |   5736 |  11 |  762.6 |
        Temple |    214 |    138 |     76 |      0 |    112 |   1 |  214.0 |
          Lair |   4537 |   4336 |    201 |    292 |   2802 |   5 |  907.4 |
         Sewer |    541 |    541 |      0 |      0 |    287 |   1 |  541.0 |
        Bailey |    444 |    444 |      0 |      0 |     79 |   1 |  444.0 |
               +--------+--------+--------+--------+--------+-----+--------+

Top non-repeatable levels by time:
    D:10: 1197 daAuts
  Lair:5: 1101 daAuts
     D:8: 1052 daAuts
     D:9: 1021 daAuts
  Lair:3: 966 daAuts
  Lair:4: 910 daAuts
     D:5: 820 daAuts
  Lair:1: 794 daAuts
    D:11: 784 daAuts
  Lair:2: 764 daAuts
     D:7: 714 daAuts
     D:4: 683 daAuts
     D:1: 606 daAuts
     D:6: 605 daAuts
   Sewer: 541 daAuts
